 Dungeon Crawl Stone Soup version 0.26-a0-835-g8259106e14 (webtiles) character file.

Game seed: 4244464220254010886

2782 sahdkjhfkaj the Chopper (level 10, -3/73 HPs)
             Began as a Human Fighter on Nov 17, 2020.
             Was a Priest of Elyvilon.
             Slain by a death yak (6 damage)
             ... on level 8 of the Dungeon on Nov 18, 2020.
             The game lasted 00:13:20 (10582 turns).

sahdkjhfkaj the Chopper (Human Fighter)            Turns: 10582, Time: 00:13:21

Health: -3/73      AC: 13    Str: 19    XL:     10   Next: 1%
Magic:  10/13      EV:  5    Int:  8    God:    Elyvilon [***...]
Gold:   279        SH: 10    Dex: 14    Spells: 9/9 levels left

rFire    + . .     SeeInvis .   a - +0 war axe
rCold    + . .     Faith    +   c - +0 kite shield
rNeg     . . .     Spirit   .   k - +0 plate armour
rPois    .         Reflect  .   (no helmet)
rElec    .         Harm     .   (no cloak)
rCorr    .         Rampage  .   (no gloves)
MR       .....                  v - +0 pair of boots
Stlth    ..........             t - amulet of faith
HPRegen  0.22/turn              D - ring of protection from cold
MPRegen  0.13/turn              q - ring of protection from fire

@: about to teleport
A: no striking features
a: Lesser Healing, Heal Other, Purification, Divine Protection, Renounce
Religion


You were on level 8 of the Dungeon.
You worshipped Elyvilon.
Elyvilon was most pleased with you.
You visited 2 branches of the dungeon, and saw 9 of its levels.

You collected 455 gold pieces.
You spent 176 gold pieces at shops.

Inventory:

Hand Weapons
 a - a +0 war axe (weapon)
Armour
 c - a +0 kite shield (worn)
 k - a +0 plate armour (worn)
 v - a +0 pair of boots (worn)
Jewellery
 q - a ring of protection from fire (right hand)
 t - an amulet of faith (around neck)
 D - a ring of protection from cold (left hand)
Wands
 b - a wand of iceblast (11)
 d - a wand of acid (1)
 s - a wand of paralysis (25)
 w - a wand of polymorph (8)
 E - a wand of flame (19)
Scrolls
 f - a scroll of immolation {!r}
 i - a scroll of vulnerability {!r, unknown}
 j - 3 scrolls of remove curse {!r}
 p - 2 scrolls of enchant weapon {!r}
 u - a scroll of enchant armour {!r}
 y - 2 scrolls of magic mapping {!r}
 B - a scroll of holy word {!r, unknown}
 F - a scroll of fear {!r, unknown}
 G - a scroll of fog {!r, unknown}
Potions
 e - 6 potions of flight {!q}
 g - 8 potions of curing {!q}
 h - a potion of might {!q}
 l - 2 potions of attraction {!q, unknown}
 n - a potion of magic {!q, unknown}
 o - 4 potions of lignification {!q, unknown}
 r - 4 potions of heal wounds {!q, unknown}
 x - 2 potions of resistance {!q, unknown}
 z - a potion of invisibility {!q, unknown}
 A - a potion of haste {!q, unknown}
 C - 2 potions of brilliance {!q, unknown}


   Skills:
 + Level 4.9 Fighting
 * Level 6.9 Axes
 + Level 4.8 Armour
 + Level 3.6 Dodging
 * Level 6.2 Shields
 - Level 5.0 Invocations
 - Level 5.0 Evocations


You had 9 spell levels left.
You didn't know any spells.
Your spell library contained the following spells:

 Spells                   Type           Power        Failure   Level
 Animate Skeleton         Necr           #.....       100%        1
 Apportation              Tloc           #.....       100%        1
 Corona                   Hex            #......      100%        1
 Magic Dart               Conj           #...         100%        1
 Summon Small Mammal      Summ           #...         100%        1
 Blink                    Tloc           N/A          100%        2
 Call Imp                 Summ           #.......     100%        2
 Slow                     Hex            #.......     100%        2
 Conjure Flame            Conj/Fire      #.......     100%        3
 Mephitic Cloud           Conj/Pois/Air  #.......     100%        3


Dungeon Overview and Level Annotations

Branches:
Dungeon (8/15)             Temple (1/1) D:4            Lair (0/6) D:8

Altars:
Cheibriados
Dithmenos
Elyvilon
Fedhas
Gozag
Hepliaklqana
Kikubaaqudgha
Makhleb
Nemelex Xobeh
Okawaru
Qazlal
Ru
Sif Muna
Trog
Uskayaw
Vehumet
Wu Jian
Xom
Yredelemnul
Zin
The Shining One

Shops:
D:4 *!}[   D:5 *

Annotations:
D:7 death yak


Message History

You block the death yak's attack.
You hit the hound but do no damage. You hit the death yak.
The hound bites you but does no damage. You block the death yak's attack.
The hound barely misses you.
Unknown command.
You barely miss the hound. You hit the death yak. You block the hound's attack.
You block the death yak's attack. The hound completely misses you.
Unknown command.
You closely miss the hound. You hit the death yak.
The death yak gores you but does no damage.
The hound bites you but does no damage. The death yak gores you!
* * * LOW HITPOINT WARNING * * *
You completely miss the hound. You barely miss the death yak.
You block the hound's attack. x2; The death yak gores you!
* * * LOW HITPOINT WARNING * * *
Really read
m - a scroll of teleportation {!r}?
As you read the scroll of teleportation {!r}, it crumbles to dust.
You feel strangely unstable. The hound bites you but does no damage.
The hound completely misses you. The death yak gores you.
You die...

#)##
#.#
#.#
#.#
#.#
#Y#
#Y#
#Y#
#@#
#h#
#.#
#.#
#.#
#.#
#.#
#.#


You could see 3 death yaks and a hound.

Vanquished Creatures
  A death yak (D:7)
  A yak (D:8)
  2 ice beasts
  A sky beast (D:5)
  2 black bears
  3 centaurs
  An ogre (D:8)
  A bullfrog (D:7)
  5 scorpions
  5 wights
  2 centaur skeletons
  3 hounds
  2 jellies (D:8)
  2 orc priests (D:3)
  2 orc wizards (D:8)
  3 worker ants
  A hound zombie (D:5)
  2 howler monkey zombies (D:8)
  4 gnolls
  6 adders
  4 shadow imps
  2 white imps
  3 ufetubi
  An adder skeleton (D:8)
  5 worms
  3 dart slugs
  9 leopard geckos
  6 orcs
  5 giant cockroaches
  4 goblins
  9 hobgoblins
  5 jackals
  9 kobolds
  5 quokkas
  2 ball pythons
  5 bats
  7 frilled lizards
  A jackal skeleton (D:4)
  8 rats
142 creatures vanquished.

Vanquished Creatures (others)
  An adder zombie (D:6)
1 creature vanquished.

Grand Total: 143 creatures vanquished

Notes
Turn   | Place    | Note
-------+----------+-------------------------------------------
     0 | D:1      | sahdkjhfkaj the Human Fighter began the quest for the Orb.
     0 | D:1      | Reached XP level 1. HP: 18/18 MP: 1/1
   206 | D:1      | Reached XP level 2. HP: 24/24 MP: 2/2
   500 | D:1      | Reached XP level 3. HP: 29/29 MP: 3/3
  1203 | D:2      | Noticed an ice beast
  1207 | D:2      | Reached XP level 4. HP: 35/35 MP: 4/4
  1227 | D:2      | Killed an ice beast
  1228 | D:2      | Reached skill level 1 in Dodging
  1228 | D:2      | Reached XP level 5. HP: 11/41 MP: 5/5
  2109 | D:3      | Found a stormy altar of Qazlal.
  2238 | D:3      | Reached XP level 6. HP: 32/47 MP: 6/6
  2736 | D:4      | Found an ancient bone altar of Kikubaaqudgha.
  2736 | D:4      | Found a hide-covered altar of Uskayaw.
  2771 | D:4      | Found Lukotu's Antique Armour Shop.
  2822 | D:4      | Reached skill level 1 in Evocations
  2854 | D:4      | Reached XP level 7. HP: 13/52 MP: 7/7
  3193 | D:4      | Found Jogyav's Gadget Emporium.
  3215 | D:4      | Found Jepleilipa's Distillery.
  3242 | D:4      | Found a staircase to the Ecumenical Temple.
  3252 | Temple   | Entered the Ecumenical Temple
  3446 | Temple   | Became a worshipper of Elyvilon the Healer
  3488 | D:4      | Found Taffigei's Assorted Antiques.
  3655 | D:4      | Bought an ancient hand axe for 176 gold pieces
  3655 | D:4      | Identified the +8 hand axe "Zaifrocw" {drain, MR- Str+2
                  | Dex+2} (You bought it in a shop on level 4 of the Dungeon)
  4123 | D:4      | Found a snail-covered altar of Cheibriados.
  4438 | D:5      | Entered Level 5 of the Dungeon
  4438 | D:5      | Reached * piety under Elyvilon
  4939 | D:5      | Reached ** piety under Elyvilon
  5182 | D:5      | Found Voxucs's General Store.
  5249 | D:5      | Reached skill level 5 in Evocations
  5384 | D:5      | Noticed Ijyb
  5384 | D:5      | Paralysed by Ijyb for 6 turns
  5390 | D:5      | Noticed Ijyb
  5390 | D:5      | Ijyb changed into Ijyb the adder
  5395 | D:5      | Killed Ijyb the adder
  5496 | D:5      | Reached XP level 8. HP: 59/59 MP: 8/8
  5516 | D:5      | Reached skill level 5 in Axes
  5516 | D:5      | Reached skill level 1 in Invocations
  6008 | D:6      | Noticed Duvessa
  6016 | D:6      | Noticed Dowan
  6018 | D:6      | Noticed Duvessa
  6018 | D:6      | Duvessa changed into Duvessa the black bear
  6031 | D:6      | Pacified Duvessa the black bear
  6031 | D:6      | Pacified Dowan
  6490 | D:6      | Reached skill level 5 in Invocations
  6498 | D:6      | Found a shimmering altar of Xom.
  6772 | D:6      | Reached *** piety under Elyvilon
  7184 | D:7      | Reached XP level 9. HP: 32/65 MP: 12/12
  7670 | D:7      | Reached **** piety under Elyvilon
  7997 | D:8      | Reached skill level 5 in Shields
  8301 | D:8      | Found a staircase to the Lair.
  8301 | D:8      | Noticed a death yak
  8301 | D:8      | Noticed a death yak
  8301 | D:8      | Noticed a death yak
  8302 | D:8      | Noticed a death yak
  8302 | D:8      | Noticed a death yak
  9168 | D:7      | Killed a death yak
  9482 | D:8      | HP: 3/66 [yak (11)]
  9815 | D:8      | Found a glowing golden altar of the Shining One.
 10566 | D:8      | Reached XP level 10. HP: 9/73 MP: 13/13
 10566 | D:8      | HP: 3/73 [death yak (6)]
 10581 | D:8      | HP: 3/73 [death yak (17)]
 10582 | D:8      | Slain by a death yak

Illustrated notes

Levels and vault maps discovered:
D:1:      ncdulo_watergridlock, layout_loops_ring, serial_glass,
          glass_columns_a, glass_columns_a, chequers_arboretum, minmay_cut_off
D:2:      layout_rooms, kennysheep_generic_room_5
D:3:      layout_rooms, nicolae_qazlal_general_emergency
D:4:      layout_basic, kennysheep_mini_moat, gammafunk_temple_overflow_statue,
          minmay_temple_entry_wispy, serial_shops, kennysheep_little_box, shop,
          nicolae_shop_stone, nicolae_shop_window_shopping
D:5:      mumra_celtic_spiral_tile, layout_cave_pools, serial_shops,
          nicolae_shop_crystal, minmay_starry_boxes, uniq_ijyb
D:6:      layout_basic, tgw_xom, uniq_duvessa
D:7:      layout_rooms, nrook_campfire
D:8:      layout_basic, tso_metal_star, dpeg_lair_monsters, okawaru_humans
Temple:   regret_index_temple_generic_petals

Skill      XL: |  1  2  3  4  5  6  7  8  9 |
---------------+----------------------------+-----
Axes           | 3 4 5 6 |  6.9
Dodging        | 1 2 3 |  3.6
Shields        | 4 6 |  6.2
Evocations     | 2 5 |  5.0
Invocations    | 5 |  5.0
Fighting       | 4 |  4.9
Armour         | 4 |  4.8

Action                   |  1- 3 |  4- 6 |  7- 9 | 10-12 || total
-------------------------+-------+-------+-------+-------++-------
Melee: War axe           |   112 |   180 |   314 |     5 ||   611
Invok: Heal Other        |       |       |     2 |       ||     2
       Purification      |       |       |     1 |       ||     1
       Greater Healing   |       |       |       |     2 ||     2
Evoke: Wand              |       |       |    10 |       ||    10
  Use: Potion            |     1 |     1 |     1 |       ||     3
       Scroll            |       |     1 |    11 |     1 ||    13
Armor: Scale mail        |    46 |       |       |       ||    46
       Plate armour      |    13 |   115 |   199 |     6 ||   333
Dodge: Dodged            |    36 |    71 |    80 |     4 ||   191
Block: Kite shield       |    54 |   115 |   184 |     6 ||   359

Table legend: (Time is in decaauts)
 A = Elapsed time spent in this place.
 B = Non-inter-level travel time spent in this place.
 C = Inter-level travel time spent in this place.
 D = Time resting spent in this place.
 E = Time spent auto-exploring this place.
 F = Levels seen in this place.
 G = Mean time per level.
                   A        B        C        D        E       F      G
               +--------+--------+--------+--------+--------+-----+--------+
         Total |  10808 |  10428 |    380 |   2513 |   6017 |   9 | 1200.9 |
       Dungeon |  10582 |  10245 |    337 |   2513 |   5836 |   8 | 1322.8 |
        Temple |    226 |    183 |     43 |      0 |    181 |   1 |  226.0 |
               +--------+--------+--------+--------+--------+-----+--------+

Top non-repeatable levels by time:
     D:7: 1814 daAuts
     D:4: 1543 daAuts
     D:5: 1512 daAuts
     D:6: 1505 daAuts
     D:8: 1420 daAuts
     D:1: 1137 daAuts
     D:2: 851 daAuts
     D:3: 797 daAuts
  Temple: 226 daAuts
